 Dungeon Crawl Stone Soup version 0.19.0 (webtiles) character file.

332 CanadianGator the Chopper (level 6, -5/53 HPs)
             Began as a Hill Orc Berserker on Nov 9, 2016.
             Was a Priest of Trog.
             Slain by Sigmund
             ... wielding a +0 scythe
              (7 damage)
             ... on level 4 of the Dungeon.
             The game lasted 00:12:12 (2289 turns).

CanadianGator the Chopper (Hill Orc Berserker)      Turns: 2289, Time: 00:12:12

Health: -5/53      AC: 10    Str: 20    XL:     6   Next: 52%
Magic:  6/6        EV:  5    Int:  7    God:    Trog [***...]
Gold:   26         SH:  8    Dex: 12    Spells: 0 memorised, 5 levels left

rFire  . . .     SeeInvis .     a - +1 hand axe
rCold  . . .     Gourm    .     o - +0 chain mail
rNeg   + . .     Faith    .     g - +0 shield
rPois  .         Spirit   .     (no helmet)
rElec  .         Reflect  .     (no cloak)
rCorr  .         Harm     .     n - +0 pair of gloves
MR     +....                    (no boots)
Stlth  ..........               (no amulet)
                                t - ring of protection from magic
                                b - ring of positive energy

@: lethally poisoned (-5 -> -7), exhausted, starving, slowed, very slow
A: no striking features
a: Berserk, Trog's Hand, Burn Spellbooks, Renounce Religion


You were on level 4 of the Dungeon.
You worshipped Trog.
Trog was most pleased with you.
You were starving.

You visited 1 branch of the dungeon, and saw 4 of its levels.

You collected 26 gold pieces.

Inventory:

Hand Weapons
 a - a +1 hand axe (weapon)
Missiles
 q - 10 tomahawks (quivered)
Armour
 g - a +0 shield (worn)
 n - a +0 pair of gloves (worn)
 o - a +0 chain mail (worn)
Jewellery
 b - a ring of positive energy (left hand)
 t - a ring of protection from magic (right hand)
Scrolls
 d - a scroll of fear
 k - a scroll of magic mapping {unknown}
 l - a scroll of blinking
 p - 3 scrolls of remove curse
Potions
 e - a potion of cancellation {unknown}
 f - a potion of ambrosia {unknown}
 h - a potion of invisibility {unknown}
 i - a potion of lignification {unknown}
 j - a potion of haste {unknown}
 m - a potion of berserk rage {unknown}
 s - a potion of cure mutation {unknown}
Comestibles
 c - 2 bread rations
 r - 2 meat rations


   Skills:
 + Level 4.6 Fighting
 + Level 7.2 Axes
 + Level 1.1 Throwing
 + Level 3.5 Armour
 + Level 1.8 Dodging
 + Level 1.6 Shields


You had 5 spell levels left.
You didn't know any spells.

Dungeon Overview and Level Annotations

Branches:
Dungeon (4/15)
 Temple: D:4-7

Altars:
Kikubaaqudgha
Xom

Annotations:
D:4 Sigmund


Message History

* * * LOW HITPOINT WARNING * * *
You closely miss something.
You feel sick.
Your shield and chain mail prevent you from hitting something.
Your skin stops crawling.
You feel less resistant to hostile enchantments.
You miss something.
You feel sick. Something hits you!
* * * LOW HITPOINT WARNING * * *
You miss something. You slash something! Something hits you.
* * * LOW HITPOINT WARNING * * *
You miss something.
Your shield and chain mail prevent you from hitting something.
You feel sick. Something hits you.
* * * LOW HITPOINT WARNING * * *
You hit something. You miss something.
You are no longer berserk.
You are exhausted.
You feel yourself slow down. Something hits you!
You die...

. ... #.## ###
.....#..
##.#..#.#######
......{).......
#..)@#.#
##.#)()###### #
##.)(....##
#.........
#.<.......
#...?.....
#..$......
########.. .


There were no monsters in sight!

Vanquished Creatures
  A centaur (D:4)
  2 orc wizards (D:4)
  4 gnolls (D:4)
  5 adders
  An adder skeleton (D:4)
  3 worms
  A dart slug (D:3)
  3 leopard geckos
  10 orcs
  4 giant cockroaches
  8 goblins
  9 hobgoblins
  3 jackals (D:4)
  2 quokkas (D:3)
  2 ball pythons
  7 bats
  8 frilled lizards
  15 kobolds
  6 rats
94 creatures vanquished.

Notes
Turn   | Place    | Note
-------+----------+-------------------------------------------
     0 | D:1      | CanadianGator the Hill Orc Berserker began the quest for the Orb.
     0 | D:1      | Reached XP level 1. HP: 19/19 MP: 1/1
    41 | D:1      | Reached XP level 2. HP: 22/27 MP: 2/2
   225 | D:1      | Found a shimmering altar of Xom.
   227 | D:1      | Found a glowing silver altar of Zin.
   227 | D:1      | Found a shimmering altar of Xom.
   229 | D:1      | Found a bloodstained altar of Trog.
   229 | D:1      | Found a deep blue altar of Sif Muna.
   229 | D:1      | Found a sacrificial altar of Ru.
   519 | D:1      | Reached XP level 3. HP: 26/33 MP: 3/3
   554 | D:1      | Reached ** piety under Trog
   714 | D:1      | Reached skill level 5 in Axes
  1342 | D:2      | Reached XP level 4. HP: 32/40 MP: 4/4
  1532 | D:3      | Reached skill level 6 in Axes
  1561 | D:3      | Reached *** piety under Trog
  1712 | D:3      | Reached XP level 5. HP: 28/46 MP: 5/5
  2143 | D:3      | Found an ancient bone altar of Kikubaaqudgha.
  2257 | D:4      | Noticed Sigmund
  2258 | D:4      | Reached skill level 1 in Shields
  2262 | D:4      | Noticed a centaur
  2272 | D:4      | Reached XP level 6. HP: 18/53 MP: 6/6
  2273 | D:4      | Reached skill level 7 in Axes
  2273 | D:4      | Reached skill level 1 in Throwing
  2287 | D:4      | HP: 3/79 [something (2)]
  2289 | D:4      | Slain by Sigmund

Skill      XL: |  1  2  3  4  5  6 |
---------------+-------------------+-----
Fighting       | 4 |  4.6
Axes           | 5 6 7 |  7.2
Armour         | 3 |  3.5
Shields        | 1 |  1.6
Throwing       | 1 |  1.1
Dodging        | |  1.8

Action                   |  1- 3 |  4- 6 || total
-------------------------+-------+-------++-------
Melee: Hand axe          |   129 |   129 ||   258
Throw: Tomahawk          |       |    16 ||    16
Invok: Berserk           |     1 |     1 ||     2
       Trog's Hand       |       |     1 ||     1
  Use: Scroll            |       |     6 ||     6
  Eat: Chunk             |     1 |     4 ||     5
Armor: Animal skin       |     3 |       ||     3
       Ring mail         |    25 |       ||    25
       Chain mail        |    44 |    75 ||   119
Dodge: Dodged            |    49 |    38 ||    87
Block: Shield            |    50 |    59 ||   109
